 Dungeon Crawl Stone Soup version 0.31.0-9-g3a7656b989 (webtiles) character file.

Game seed: 16582790383136245193

151 qw the Skirmisher (level 5, -1/29 HPs)
             Began as a Deep Elf Hunter on Feb 2, 2024.
             Slain by a gnoll bouda
             ... wielding a +0 club
              (6 damage)
             ... on level 3 of the Dungeon.
             The game lasted 00:00:08 (1951 turns).

qw the Skirmisher (Deep Elf Hunter)                 Turns: 1951, Time: 00:00:09

Health: -1/29      AC:  7    Str: 10    XL:     5   Next: 11%
Magic:  7/7        EV:  9    Int: 14    God:
Gold:   131        SH:  0    Dex: 18    Spells: 4/4 levels left

rFire   . . .        a - +0 shortbow
rCold   . . .        (shield currently unavailable)
rNeg    . . .        e - +0 scale mail
rPois   .            (no helmet)
rElec   .            (no cloak)
rCorr   .            g - +0 pair of gloves
SInv    .            (no boots)
Will    .....        (no amulet)
Stlth   +            (no ring)
HPRegen 0.24/turn    (no ring)
MPRegen 0.10/turn

%: no passive effects
@: no status effects
A: no striking features
a: no special abilities


You were on level 3 of the Dungeon.
You visited 1 branch of the dungeon, and saw 4 of its levels.

You collected 131 gold pieces.


   Skills:
 - Level 1.5 Fighting
 + Level 8.5 Ranged Weapons
 - Level 2.4 Dodging
 - Level 1.2 Stealth


You had 4 spell levels left.
You didn't know any spells.
Your spell library was empty.

Inventory:

Hand Weapons
 a - a +0 shortbow (weapon)
Armour
 e - a +0 scale mail (worn)
 g - a +0 pair of gloves (worn)
Potions
 d - a potion of heal wounds {unknown}
 f - a potion of haste

Dungeon Overview and Level Annotations

Branches:
Dungeon (4/15)
 Temple: D:4-7

Altars:
The Shining One


Message History

You shoot an arrow. The arrow hits the gnoll!
You kill the gnoll!
You start resting.
HP restored.
You climb downwards.
The gnoll bouda barks out a call to the hunt!
There is a stone staircase leading up here.
You shoot an arrow. The arrow hits the gnoll bouda.
The gnoll bouda is moderately wounded.
You shoot an arrow.
The arrow barely misses the gnoll bouda.
A gnoll comes into view. It is wielding a +0 halberd.
The gnoll bouda hits you with a +0 club.
The gnoll moves out of view.
You shoot an arrow.
The arrow hits the gnoll bouda but does no damage.
The gnoll bouda is moderately wounded.
The gnoll bouda hits you but does no damage.
You shoot an arrow.
The arrow barely misses the gnoll bouda.
The gnoll bouda hits you but does no damage.
You shoot an arrow.
The arrow barely misses the gnoll bouda.
The gnoll bouda hits you with a +0 club!
1947 ||| STAIRDANCE The gnoll shouts!
The gnoll bouda hits you with a +0 club.
You climb upwards.
There is a stone staircase leading down, spattered with blood here.
You shoot an arrow. The arrow hits the gnoll bouda.
The gnoll bouda is heavily wounded.
The gnoll bouda hits you but does no damage. x2
You shoot an arrow. The arrow hits the gnoll bouda.
The gnoll bouda is severely wounded.
The gnoll bouda hits you with a +0 club!
You shoot an arrow.
The arrow hits the gnoll bouda but does no damage.
The gnoll bouda is severely wounded.
The gnoll bouda hits you with a +0 club.
You die...

##..###....#..###....###
##..#..#..#.##.........
###...#..........###.##
#.........##...### #.#
#....#.##)...### #.#
###....#.###.^.#### #.##
#...###........>..####...
#...###.##....###...#####
#...##..@g.##.#####......
#......%.).##..........##
#.......###########....#
#...###.# ##...# #...#
#.# #...# #...# #.# #...#
#...# #.# #...# ##### #.#
#####¤.### #.# #¤¤¤¤¤[..#


You could see a gnoll bouda.

Vanquished Creatures
  5 gnolls
  3 adders (D:2)
  2 ribbon worms
  6 bats
  5 endoplasms
  2 giant cockroaches (D:1)
  2 goblins
  7 hobgoblins
  7 jackals
  7 kobolds
  3 quokkas
  6 ball pythons
  6 frilled lizards
  9 rats
70 creatures vanquished.

Notes
Turn   | Place    | Note
-------+----------+-------------------------------------------
     0 | D:1      | qw the Deep Elf Hunter began the quest for the Orb.
     0 | D:1      | Reached XP level 1. HP: 12/12 MP: 3/3
     0 | D:1      | 0 ||| qw: Version: 0.3-a-155-g5e7d8dd
     0 | D:1      | 0 ||| qw: Game counter: 1495
     0 | D:1      | 0 ||| qw: Melee chars always use a shield: true
     0 | D:1      | 0 ||| qw: God list: Okawaru
     0 | D:1      | 0 ||| qw: Allow faded altars: false
     0 | D:1      | 0 ||| qw: Do Orc after clearing Dungeon:15 true
     0 | D:1      | 0 ||| qw: Do second Lair branch before Depths: true
     0 | D:1      | 0 ||| qw: Lair rune preference: random
     0 | D:1      | 0 ||| qw: Goals: Normal
     0 | D:1      | 0 ||| PLANNING D:1-11
   110 | D:1      | Reached skill level 6 in Ranged Weapons
   110 | D:1      | Reached XP level 2. HP: 13/16 MP: 4/4
   440 | D:1      | Reached XP level 3. HP: 20/20 MP: 5/5
   512 | D:1      | 512 ||| DROPPING ring of flight.
   513 | D:1      | 513 ||| DROPPING scroll of butterflies.
   571 | D:2      | Reached skill level 7 in Ranged Weapons
   798 | D:2      | Reached XP level 4. HP: 25/25 MP: 6/6
   895 | D:2      | Identified the +7 falchion of Reinforcement {antimagic,
                  | Will+}
  1146 | D:2      | 1146 ||| UPGRADING to +0 scale mail.
  1156 | D:2      | 1156 ||| DROPPING +0 leather armour.
  1157 | D:2      | 1157 ||| UPGRADING to +0 pair of gloves.
  1162 | D:2      | 1162 ||| READING scroll labelled LAWNA CID UFFE.
  1486 | D:3      | Identified the +2 short sword of Understanding {antimagic,
                  | rN++}
  1497 | D:3      | Reached skill level 8 in Ranged Weapons
  1522 | D:3      | 1522 ||| FLEEEEING.
  1523 | D:3      | 1523 ||| FLEEEEING.
  1524 | D:3      | 1524 ||| FLEEEEING.
  1525 | D:3      | 1525 ||| FLEEEEING.
  1526 | D:3      | 1526 ||| FLEEEEING.
  1640 | D:3      | Found a glowing golden altar of the Shining One.
  1839 | D:3      | 1839 ||| DROPPING ring of magical power.
  1840 | D:3      | 1840 ||| READING 2 scrolls labelled HYMUBL ESUZ.
  1841 | D:3      | 1841 ||| READING scroll labelled BIK YGAEHYKOBA.
  1841 | D:3      | 1841 ||| IDENTIFYING smoky emerald potion
  1842 | D:3      | 1842 ||| READING scroll labelled KETRORABLO.
  1843 | D:3      | 1843 ||| DRINKING 2 clear potions.
  1844 | D:3      | 1844 ||| DROPPING scroll of fog.
  1845 | D:3      | 1845 ||| DROPPING potion of invisibility.
  1874 | D:4      | Reached XP level 5. HP: 29/29 MP: 7/7
  1874 | D:4      | 1874 ||| STAIRDANCE
  1881 | D:4      | 1881 ||| STAIRDANCE
  1947 | D:4      | 1947 ||| STAIRDANCE
  1950 | D:3      | HP: 5/29 [gnoll bouda/+0 club (11)]
  1951 | D:3      | Slain by a gnoll bouda

Levels and vault maps discovered:
D:1:      evilmike_arrival_home_sweet_home, layout_basic
D:2:      layout_basic
D:3:      layout_rooms, tso_oasis_becter
D:4:      layout_loops_cross, uniq_edmund

Skill      XL: |  1  2  3  4 |
---------------+-------------+-----
Ranged Weapons | 6 7 8 |  8.5
Fighting       | |  1.5
Dodging        | |  2.4
Stealth        | |  1.2

Action                     |  1- 3 |  4- 6 || total
---------------------------+-------+-------++-------
   Fire: Shortbow          |   111 |   123 ||   234
    Use: Scroll            |       |     4 ||     4
         Potion            |       |     1 ||     1
 Armour: Leather armour    |    38 |     1 ||    39
         Scale mail        |       |    80 ||    80
  Dodge: Dodged            |    46 |    55 ||   101

Table legend:
 A = Non-vault XP
 B = Vault XP
 C = Vault XP percentage of total XP
 D = Non-vault monster count
 E = Vault monster count
 F = Vault count percentage of total count
                 A         B        C        D         E       F
            +---------+---------+-------+---------+---------+-------
      Total |     217 |       0 |   0.0 |      70 |       0 |   0.0
            +---------+---------+-------+---------+---------+-------
        D:1 |      41 |       0 |   0.0 |      24 |       0 |   0.0
        D:2 |      67 |       0 |   0.0 |      19 |       0 |   0.0
        D:3 |      95 |       0 |   0.0 |      26 |       0 |   0.0
        D:4 |      14 |       0 |   0.0 |       1 |       0 |   0.0
            +---------+---------+-------+---------+---------+-------
